AoeStats
← Efthiron

Arabia

503314401Analyzed
1v1 RM · 1mo ago on Aug 31, 2026· 41m 39s· 2 players
Game mode
Random Map
Map size
Tiny (2 player)
Population
200
Speed
Normal
Resources
Standard
Victory
Conquest
Starting age
Dark Age
Ending age
Imperial Age
RankedLock teamsTeams togetherTeam positionsShared explorationLock speedFull tech treeHidden civsTurbo modeCheats
Victory
Defeat
🇨🇴 Koreans · Colombia
1325
+14
🇲🇽 Chinese · Mexico
1292
-14
Efthiron
0:26 Loom
10:05 Feudal Age
10:57 Double-Bit Axe
12:39 Town Watch
13:42 Horse Collar
15:53 Fletching
16:06 Padded Archer Armor
20:26 Wheelbarrow
23:51 Castle Age
23:02 Gold Mining
24:27 Bodkin Arrow
23:55 Crossbowman
24:49 Thumb Ring
25:34 Leather Archer Armor
26:29 Bow Saw
26:54 Elite Skirmisher
28:01 Town Patrol
29:57 Scale Barding Armor
30:02 Forging
32:47 Chain Barding Armor
37:36 Iron Casting
informessigma
6:24 Loom
9:18 Feudal Age
15:37 Fletching
20:00 Wheelbarrow
24:02 Castle Age
22:02 Double-Bit Axe
24:01 Horse Collar
24:15 Gold Mining
24:03 Elite Skirmisher
24:39 Bodkin Arrow
25:47 Ballistics
25:01 Crossbowman
37:37 Imperial Age
38:21 Bracer
37:44 Arbalester
40:01 Chemistry
39:57 Scale Mail Armor
40:07 Forging
40:05 Scale Barding Armor
Connection lost

Rejoining the realm…

Still unreachable

The connection could not be restored.

Session expired

The server has moved on; the page needs a fresh start.